 Dungeon Crawl Stone Soup version 0.31-a0-1066-g35875b34c7 (webtiles) character file.

Game seed: 1970548464825422454

133 Gumption the Ducker (level 5, -4/47 HPs)
             Began as a Gnoll Wanderer on Nov 22, 2023.
             Killed from afar by an orc wizard (6 damage)
             ... with a puff of flame
             ... on level 3 of the Dungeon.
             The game lasted 00:15:49 (1669 turns).

Gumption the Ducker (Gnoll Wanderer)                Turns: 1669, Time: 00:15:50

Health: -4/47      AC:  4    Str: 10    XL:     5   Next: 16%
Magic:  16/16      EV: 14    Int: 10    God:
Gold:   118        SH:  0    Dex: 16    Spells: 6/6 levels left

rFire   . . .        a - +2 quarterstaff
rCold   . . .        (shield currently unavailable)
rNeg    . . .        g - +0 leather armour
rPois   .            c - +0 helmet
rElec   .            (no cloak)
rCorr   .            (no gloves)
SInv    .            (no boots)
Will    .....        (no amulet)
Stlth   +            k - ring of magical power
HPRegen 0.27/turn    t - ring of flight
MPRegen 0.15/turn

%: no passive effects
@: confused, flying
A: fangs 1, strong nose, distributed training
a: no special abilities


You were on level 3 of the Dungeon.
You visited 1 branch of the dungeon, and saw 3 of its levels.

You collected 118 gold pieces.

Inventory:

Hand Weapons
 a - a +2 quarterstaff (weapon)
 b - a +0 sling
 f - a +0 short sword
Missiles
 i - 13 poisoned darts (quivered)
 s - 2 boomerangs
Armour
 c - a +0 helmet (worn)
 e - a +0 robe
 g - a +0 leather armour (worn)
 u - a +0 scale mail
Jewellery
 k - a ring of magical power (left hand)
 t - a ring of flight (right hand)
Wands
 o - a wand of charming (8)
Scrolls
 d - a scroll of fear
 m - a scroll of enchant weapon {unknown}
 n - a scroll of teleportation {unknown}
 q - a scroll of butterflies {unknown}
Potions
 h - a potion of magic
 j - 2 potions of haste
 l - a potion of ambrosia
 p - a potion of attraction {unknown}
 r - a potion of resistance {unknown}


   Skills:
 + Level 6.7 Fighting
 + Level 2.9 Short Blades
 + Level 1.4 Long Blades
 + Level 1.4 Axes
 + Level 1.4 Maces & Flails
 + Level 1.4 Polearms
 + Level 6.7 Staves
 + Level 1.4 Ranged Weapons
 + Level 1.4 Throwing
 + Level 1.4 Armour
 + Level 6.7 Dodging
 + Level 1.4 Stealth
 + Level 1.4 Shields
 + Level 1.4 Unarmed Combat
 + Level 1.4 Spellcasting
 + Level 1.1 Conjurations
 + Level 1.1 Hexes
 + Level 1.1 Summonings
 + Level 1.1 Necromancy
 + Level 1.1 Translocations
 + Level 1.1 Transmutations
 + Level 1.1 Fire Magic
 + Level 1.1 Ice Magic
 + Level 1.1 Air Magic
 + Level 1.1 Earth Magic
 + Level 1.1 Poison Magic
 + Level 1.6 Invocations
 + Level 1.4 Evocations
 + Level 1.3 Shapeshifting


You had 6 spell levels left.
You didn't know any spells.
Your spell library was empty.

Dungeon Overview and Level Annotations

Branches:
Dungeon (3/15)

Altars:


Innate Abilities, Weirdness & Mutations

You have very sharp teeth.
Your uncanny sense of smell can sniff out nearby items.
Your experience applies equally to all skills.


Message History

An orc wizard appears from thin air!
Reactivating autopickup.
You barely miss the orc. You bite the orc, but do no damage.
The orc barely misses you.
You hit the orc.
The orc is severely wounded.
The orc hits you but does no damage.
You closely miss the orc.
The orc is severely wounded.
The orc hits you with a +0 dagger.
* * * LOW HITPOINT WARNING * * *
You thump the orc!
You kill the orc!
The orc wizard gestures wildly while chanting.
The orc wizard flickers and vanishes!
Deactivating autopickup; reactivate with Ctrl-A.
You hit the orc.
The orc is lightly wounded.
The orc hits you with a +0 club.
* * * LOW HITPOINT WARNING * * *
You sock the orc!
You kill the orc!
You miss something. Something hits you.
* * * LOW HITPOINT WARNING * * *
You barely miss something. Your bite misses something. Something hits you.
* * * LOW HITPOINT WARNING * * *
You hit something.
You hear some strange, mumbled words.
You are confused.
You bump into the rock wall.
Something hits you.
* * * LOW HITPOINT WARNING * * *
You hear some strange, mumbled words.
A puff of flame appears from out of thin air!
The puff of flame hits you!
* * * LOW HITPOINT WARNING * * *
You bump into the rock wall.
You hear some strange, mumbled words.
A puff of flame appears from out of thin air!
The puff of flame hits you.
You die...

.# . ###. ###.###. .... ......
#..........# #.#.# #
#...........#########...# .#
#...........##..).......# ##.#
#.. ....†...##{##.......##....
#.# #.....#)....†.#........#
#.# #..##.#.#@o##.#.......##
####.# #..##.#....##.#.....)..#
.....###.....#....##.#........#
.....)...###...#.....#......).#
....######
#..##.....#........... ....#
#..##.....#.......#### ....#
#>###.....#.......# ....# ###
#.....#........ ....#
#...#####........


You could see an orc.

Vanquished Creatures
  An orc wizard (D:3)
  4 adders
  2 dart slugs (D:2)
  4 orcs (D:3)
  4 bats
  7 endoplasms
  3 giant cockroaches
  5 goblins
  4 hobgoblins
  4 kobolds
  6 quokkas
  6 ball pythons
  4 frilled lizards
  10 rats
64 creatures vanquished.

Notes
Turn   | Place    | Note
-------+----------+-------------------------------------------
     0 | D:1      | Gumption the Gnoll Wanderer began the quest for the Orb.
     0 | D:1      | Gumption set off with the following items: a +2
                  | quarterstaff, a +0 short sword, a +0 helmet, a scroll of
                  | fear, a +0 robe.
     0 | D:1      | Reached XP level 1. HP: 23/23 MP: 1/1
   241 | D:1      | Reached XP level 2. HP: 29/29 MP: 2/2
   429 | D:1      | Reached XP level 3. HP: 35/35 MP: 3/3
   781 | D:1      | Reached skill level 1 in Invocations
   870 | D:2      | Reached skill level 1 in Long Blades
   870 | D:2      | Reached skill level 1 in Axes
   870 | D:2      | Reached skill level 1 in Maces & Flails
   870 | D:2      | Reached skill level 1 in Polearms
   870 | D:2      | Reached skill level 1 in Ranged Weapons
   870 | D:2      | Reached skill level 1 in Throwing
   870 | D:2      | Reached skill level 1 in Armour
   870 | D:2      | Reached skill level 1 in Stealth
   870 | D:2      | Reached skill level 1 in Shields
   870 | D:2      | Reached skill level 1 in Unarmed Combat
   870 | D:2      | Reached skill level 1 in Spellcasting
   870 | D:2      | Reached skill level 1 in Evocations
   887 | D:2      | Reached skill level 1 in Shapeshifting
   887 | D:2      | Reached XP level 4. HP: 40/41 MP: 5/5
  1168 | D:2      | Found a faded altar of an unknown god.
  1169 | D:2      | Noticed a golden eye
  1177 | D:2      | Noticed a golden eye
  1177 | D:2      | Noticed a glass eye
  1177 | D:2      | Noticed a great orb of eyes
  1416 | D:3      | Reached skill level 1 in Conjurations
  1416 | D:3      | Reached skill level 1 in Hexes
  1416 | D:3      | Reached skill level 1 in Summonings
  1416 | D:3      | Reached skill level 1 in Necromancy
  1416 | D:3      | Reached skill level 1 in Translocations
  1416 | D:3      | Reached skill level 1 in Transmutations
  1416 | D:3      | Reached skill level 1 in Fire Magic
  1416 | D:3      | Reached skill level 1 in Ice Magic
  1416 | D:3      | Reached skill level 1 in Air Magic
  1416 | D:3      | Reached skill level 1 in Earth Magic
  1416 | D:3      | Reached skill level 1 in Poison Magic
  1644 | D:3      | Reached XP level 5. HP: 33/47 MP: 7/7
  1666 | D:3      | HP: 2/47 [something/puff of flame (7)]
  1669 | D:3      | Killed from afar by an orc wizard

Illustrated notes

Levels and vault maps discovered:
D:1:      shiori_shiawase, layout_basic
D:2:      layout_rooms, hellmonk_ecumenical_altar_watching_god
D:3:      layout_basic, nicolae_overflow_crystal_walls,
          mainiacjoe_overflow_big_doors, serial_shops, shop,
          ebering_ghost_reflecting_pool, nicolae_elevator_lobby_asterisk,
          uniq_crazy_yiuf_cottage

Skill      XL: |  1  2  3  4 |
---------------+-------------+-----
Invocations    | 1 |  1.6
Long Blades    | 1 |  1.4
Axes           | 1 |  1.4
Maces & Flails | 1 |  1.4
Polearms       | 1 |  1.4
Ranged Weapons | 1 |  1.4
Throwing       | 1 |  1.4
Armour         | 1 |  1.4
Stealth        | 1 |  1.4
Shields        | 1 |  1.4
Unarmed Combat | 1 |  1.4
Spellcasting   | 1 |  1.4
Evocations     | 1 |  1.4
Shapeshifting  | 1 |  1.3
Conjurations   | 1 |  1.1
Hexes          | 1 |  1.1
Summonings     | 1 |  1.1
Necromancy     | 1 |  1.1
Translocations | 1 |  1.1
Transmutations | 1 |  1.1
Fire Magic     | 1 |  1.1
Ice Magic      | 1 |  1.1
Air Magic      | 1 |  1.1
Earth Magic    | 1 |  1.1
Poison Magic   | 1 |  1.1
Fighting       | |  6.7
Short Blades   | |  2.9
Staves         | |  6.7
Dodging        | |  6.7

Action                     |  1- 3 |  4- 6 || total
---------------------------+-------+-------++-------
  Melee: Quarterstaff      |    47 |    36 ||    83
         Bite              |     6 |     2 ||     8
   Fire: Sling             |    41 |    62 ||   103
  Throw: Dart              |       |     1 ||     1
    Use: Scroll            |       |     3 ||     3
   Stab: Sleeping          |     1 |       ||     1
 Armour: Leather armour    |    14 |    49 ||    63
  Dodge: Dodged            |    30 |    45 ||    75

Table legend: (Time is in decaauts)
 A = Elapsed time spent in this place.
 B = Non-inter-level travel time spent in this place.
 C = Inter-level travel time spent in this place.
 D = Time resting spent in this place.
 E = Time spent auto-exploring this place.
 F = Levels seen in this place.
 G = Mean time per level.
                   A        B        C        D        E       F      G
               +--------+--------+--------+--------+--------+-----+--------+
         Total |   1683 |   1683 |      0 |    169 |    411 |   3 |  561.0 |
       Dungeon |   1683 |   1683 |      0 |    169 |    411 |   3 |  561.0 |
               +--------+--------+--------+--------+--------+-----+--------+

Top non-repeatable levels by time:
     D:1: 830 daAuts
     D:2: 531 daAuts
     D:3: 321 daAuts
